Map: Mech Depot LE

Players

MoonStone - Winner!

  • Race: Protoss Protoss
  • League: Platinum
  • Spawn Location: 7:00

Leaves

  • Race: Terran Terran
  • League: Platinum
  • Spawn Location: 1:00

VOD

Have the link to the VOD?

Description

Time

  • Played on: Aug. 29, 2017, 9:09 p.m.
  • Length: 11:24
Show
View Real Time Build Order
Export as new Build Order

MoonStone Protoss - Winner!

Build Orders: 1 Gate Expand 

Get SALT Encoding   

  12  0:01  Probe (Chrono Boost)  
  13  0:12  Probe (Chrono Boost)  
  14  0:19  Pylon  
  14  0:22  Probe (Chrono Boost)  
  15  0:37  Probe (Chrono Boost)  
  15  0:39  Gateway  
  16  0:44  Assimilator  
  16  0:48  Probe (Chrono Boost)  
  17  1:00  Probe (Chrono Boost)  
  18  1:10  Probe (Chrono Boost)  
  19  1:23  Nexus  
  19  1:31  Cybernetics Core  
  19  1:33  Probe (Chrono Boost)  
  20  1:48  Probe (Chrono Boost)  
  20  1:51  Pylon  
  20  1:52  Assimilator  
  21  2:00  Gateway  
  21  2:02  Probe (Chrono Boost)  
  22  2:10  Warp Gate  
  22  2:12  Stalker  
  24  2:16  Probe (Chrono Boost)  
  25  2:26  Probe (Chrono Boost)  
  26  2:34  Robotics Facility  
  27  2:37  Probe (Chrono Boost)  
  27  2:39  Probe (Chrono Boost)  
  28  2:49  Probe (Chrono Boost)  
  28  2:50  Probe (Chrono Boost)  
  30  2:59  Probe (Chrono Boost)  
  30  3:00  Probe (Chrono Boost)  
  30  3:03  Gateway  
  32  3:07  Pylon  
  32  3:11  Sentry  
  34  3:16  Stalker  
  34  3:19  Probe (Chrono Boost)  
  37  3:21  Probe (Chrono Boost)  
  38  3:30  Mothership Core (Chrono Boost)  
  41  3:34  Observer  
  41  3:36  Probe (Chrono Boost)  
  42  3:42  Stalker  
  42  3:47  Probe (Chrono Boost)  
  46  3:48  Pylon, Probe (Chrono Boost)  
  46  3:57  Probe (Chrono Boost)  
  46  3:59  Probe (Chrono Boost)  
  48  4:08  Probe (Chrono Boost)  
  48  4:09  Immortal  
  53  4:16  Probe (Chrono Boost)  
  54  4:18  Probe (Chrono Boost)  
  54  4:20  Pylon  
  55  4:27  Twilight Council  
  55  4:30  Forge, Probe (Chrono Boost)  
  55  4:31  Probe (Chrono Boost)  
  57  4:33  Assimilator  
  57  4:34  Assimilator  
  56  4:40  Stalker x2  
  56  4:41  Probe (Chrono Boost)  
  56  4:43  Probe (Chrono Boost)  
  62  4:52  Probe (Chrono Boost)  
  63  4:58  Immortal  
  67  5:00  Zealot  
  69  5:07  Protoss Ground Weapons Level 1  
  69  5:15  Pylon  
  69  5:27  Pylon, Nexus  
  69  5:28  Pylon, Charge  
  69  5:42  Probe (Chrono Boost)  
  71  5:43  Probe (Chrono Boost)  
  71  5:46  Stalker x3  
  77  5:53  Probe x2 (Chrono Boost)  
  75  6:09  Probe x2 (Chrono Boost)  
  75  6:11  Stalker x3  
  83  6:19  Templar Archives  
  83  6:20  Gateway  
  83  6:21  Probe x2 (Chrono Boost)  
  83  6:22  Gateway  
  85  6:35  Stalker x2  
  85  6:39  Pylon  
  89  6:41  Pylon  
  89  6:45  Pylon  
  89  6:46  Stalker  
  87  7:01  Observer  
  77  7:23  Observer  
  75  7:36  Probe x3 (Chrono Boost)  
  78  7:41  Blink, Protoss Ground Weapons Level 2  
  78  7:46  Probe (Chrono Boost)  
  79  8:13  Probe x3 (Chrono Boost)  
  79  8:16  Zealot x2, Assimilator  
  79  8:17  Zealot x3  
  79  8:18  Assimilator  
  92  8:24  Probe x2 (Chrono Boost)  
  92  8:27  Observer  
  95  8:33  Probe (Chrono Boost)  
  97  8:34  Probe x2 (Chrono Boost)  
  97  8:40  Psionic Storm  
  98  8:44  Probe (Chrono Boost)  
  98  8:45  Probe (Chrono Boost)  
  98  8:46  High Templar x3  
  106  8:53  Stalker x2  
  110  8:58  Probe x3 (Chrono Boost)  
  113  9:03  Gateway  
  113  9:05  Photon Cannon  
  113  9:08  Photon Cannon  
  113  9:12  Photon Cannon  
  114  9:31  Probe x3 (Chrono Boost)  
  114  9:32  Zealot x3  
  114  9:33  Zealot x2  
  126  9:41  Immortal  
  130  9:59  Nexus, Probe x2 (Chrono Boost)  
  130  10:00  Probe (Chrono Boost)  
  133  10:08  Pylon  
  133  10:09  Pylon  
  133  10:10  Pylon  
  128  10:25  Zealot x2  
  128  10:26  Zealot x3  
  121  10:46  Zealot x2  
  121  10:47  Zealot x3  
  131  10:50  Pylon  
Show
View Real Time Build Order
Export as new Build Order

Leaves Terran 

Build Orders: Liberator Opening, MMM Bio 

Get SALT Encoding   

  12  0:01  SCV  
  13  0:13  SCV  
  14  0:27  SCV  
  14  0:28  Supply Depot  
  15  0:34  Refinery  
  16  0:50  SCV  
  16  0:51  Barracks  
  16  1:02  SCV  
  17  1:09  Supply Depot  
  17  1:14  SCV  
  18  1:22  Refinery  
  18  1:26  SCV  
  19  1:39  Reaper  
  20  1:44  Orbital Command  
  20  2:00  Factory  
  20  2:18  Barracks Tech Lab  
  20  2:19  SCV  
  21  2:31  SCV  
  22  2:38  Command Center  
  22  2:43  Stimpack, SCV  
  23  2:59  Factory Reactor, Starport  
  23  3:01  SCV  
  24  3:13  SCV  
  25  3:25  SCV  
  26  3:32  Liberator  
  26  3:34  Supply Depot  
  26  3:45  Medivac  
  29  3:51  Widow Mine  
  33  3:59  Orbital Command  
  33  4:13  Engineering Bay  
  33  4:14  Barracks  
  33  4:16  Barracks  
  33  4:19  Widow Mine  
  33  4:20  Orbital Command  
  35  4:24  Marine  
  36  4:53  Widow Mine  
  36  4:55  Marine  
  36  4:57  Liberator x2  
  39  5:04  SCV x2  
  41  5:12  Marine  
  39  5:17  Barracks Reactor x2  
  45  5:22  Widow Mine  
  45  5:27  Bunker  
  47  5:37  Marauder  
  47  5:42  Supply Depot  
  49  5:59  Marauder  
  51  6:12  SCV x2  
  51  6:14  Marine x4  
  57  6:20  Marauder  
  57  6:24  SCV  
  60  6:31  Marine  
  60  6:32  Marine x3  
  61  6:49  Marine  
  61  6:52  Supply Depot  
  61  6:53  Supply Depot  
  62  6:54  Supply Depot  
  62  6:57  Supply Depot x3  
  62  7:01  Marauder  
  62  7:07  Marine  
  62  7:08  Marine  
  62  7:11  Marine  
  62  7:12  Marine  
  62  7:14  Medivac x2  
  66  7:19  Combat Shields  
  66  7:22  Marine  
  66  7:25  Marine  
  66  7:26  Marine  
  66  7:29  Marine  
  66  7:30  Marine  
  65  7:41  Marauder  
  65  7:43  Marine  
  65  7:44  Marine  
  67  8:02  Marauder  
  67  8:05  Marine x3  
  67  8:06  Marine  
  67  8:12  Command Center  
  68  8:22  Factory Tech Lab  
  68  8:23  Marauder, Marine  
  68  8:25  Barracks  
  68  8:26  Barracks  
  71  8:27  Barracks  
  71  8:41  Marine x2  
  71  8:42  Marine x2  
  71  8:45  Marauder  
  77  8:59  Medivac x2, Marine x3  
  77  9:00  Marine  
  85  9:04  SCV x2  
  85  9:06  Marauder  
  89  9:12  Supply Depot  
  89  9:16  SCV x2  
  91  9:17  Marine x3  
  84  9:27  Marine x3  
  84  9:28  SCV x2, Marauder, Marine  
  82  9:49  Marauder  
  84  9:54  Marine x5  
  84  9:55  Marine x2  
  84  9:56  Medivac  
  84  9:57  Medivac  
  95  10:10  Marauder  
  95  10:11  Marine  
  98  10:26  Medivac  
  98  10:27  Medivac  
  91  10:32  Marauder  
Tags
 
Add a new tag
Caveats
  • Supply blocks, unpowered buildings, or Contaminate may cause inaccurate times.
  • Supply counts are checked every 10 seconds.